 Dungeon Crawl Stone Soup version 0.26-a0-660-gc07710193c (webtiles) character file.

Game seed: 227409432595424116

3276 robertstho the Frost Mage (level 10, -3/73 HPs)
             Began as a Gnoll Ice Elementalist on Oct 5, 2020.
             Was a Believer of Sif Muna.
             Slain by a killer bee (7 damage)
             ... on level 11 of the Dungeon.
             The game lasted 00:18:48 (9875 turns).

robertstho the Frost Mage (Gnoll Ice Elementalist)  Turns: 9875, Time: 00:18:50

Health: -3/73      AC: 21    Str: 10    XL:     10   Next: 0%
Magic:  20/20      EV:  4    Int: 21    God:    Sif Muna [**....]
Gold:   368        SH:  0    Dex: 16    Spells: 7/23 levels left

rFire    x x .     SeeInvis .   J - +2 rapier (venom)
rCold    + + .     Faith    .   (no shield)
rNeg     . . .     Spirit   .   E - +7 plate armour of Divine Compulsion {rElec}
rPois    .         Reflect  .   x - +0 helmet
rElec    +         Harm     .   (no cloak)
rCorr    .         Rampage  .   (no gloves)
MR       .....                  M - +0 pair of boots
Stlth    ..........             (no amulet)
HPRegen  0.22/turn              n - ring of ice
MPRegen  0.17/turn              m - ring of ice

@: no status effects
A: distributed training, fangs 1, strong nose
a: Channel Magic, Renounce Religion


You were on level 11 of the Dungeon.
You worshipped Sif Muna.
Sif Muna was pleased with you.
You visited 2 branches of the dungeon, and saw 10 of its levels.

You collected 368 gold pieces.

Inventory:

Hand Weapons
 c - a +0 hand axe
 p - a +0 hunting sling
 s - a +0 dagger of chaos
 D - a +1 dagger of draining
 G - a +3 flail of protection
 J - a +2 rapier of venom (weapon)
Missiles
 q - 241 stones (quivered)
 r - 73 sling bullets
 v - 12 poisoned darts
 K - 12 boomerangs of dispersal
Armour
 a - a +0 robe
 x - a +0 helmet (worn)
 E - the +7 plate armour of Divine Compulsion (worn) {rElec}
   (You found it on level 5 of the Dungeon)

   It insulates you from electricity.
 M - a +0 pair of boots (worn)
Jewellery
 j - an uncursed ring of fire
 m - a ring of ice (right hand)
 n - a ring of ice (left hand)
Wands
 h - a wand of acid (2)
 u - a wand of flame (18)
 w - a wand of polymorph (6)
Scrolls
 e - a scroll of enchant armour {unknown}
 i - a scroll of fog {unknown}
 k - 3 scrolls of teleportation
 C - 3 scrolls of remove curse
Potions
 b - a potion of mutation
 d - 2 potions of stabbing {unknown}
 f - 2 potions of haste
 g - 3 potions of lignification
 o - a potion of berserk rage {unknown}
 A - a potion of might
 B - a potion of cancellation
 L - 2 potions of ambrosia {unknown}


   Skills:
 + Level 4.8 Fighting
 + Level 4.8 Short Blades
 + Level 4.8 Long Blades
 + Level 4.8 Axes
 + Level 4.8 Maces & Flails
 + Level 4.8 Polearms
 + Level 4.8 Staves
 + Level 4.8 Slings
 + Level 4.8 Bows
 + Level 4.8 Crossbows
 + Level 4.8 Throwing
 + Level 4.8 Armour
 + Level 6.7 Dodging
 + Level 6.4 Stealth
 + Level 4.8 Shields
 + Level 4.8 Unarmed Combat
 + Level 7.0 Spellcasting
 + Level 3.9 Conjurations
 + Level 3.9 Hexes
 + Level 3.9 Summonings
 + Level 3.9 Necromancy
 + Level 3.9 Translocations
 + Level 3.9 Transmutations
 + Level 3.9 Fire Magic
 + Level 8.2 Ice Magic
 + Level 3.9 Air Magic
 + Level 3.9 Earth Magic
 + Level 3.9 Poison Magic
 + Level 5.2 Invocations
 + Level 4.8 Evocations


You had 7 spell levels left.
You knew the following spells:

 Your Spells              Type           Power        Failure   Level
a - Freeze                Ice            ####         67%         1
b - Frozen Ramparts       Ice            ######       96%         3
c - Ozocubu's Armour      Ice            #######.     96%         3
d - Hailstorm             Conj/Ice       ######..     100%        4
e - Summon Ice Beast      Ice/Summ       ######..     100%        4
f - Apportation           Tloc           ###...       99%         1

Your spell library contained the following spells:

 Spells                   Type           Power        Failure   Level
 Animate Skeleton         Necr           ###...       99%         1
 Corona                   Hex            ###....      99%         1
 Summon Small Mammal      Summ           ###.         99%         1
 Call Imp                 Summ           ###.....     100%        2
 Call Canine Familiar     Summ           ###.....     100%        3
 Summon Guardian Golem    Hex/Summ       ###.....     100%        3
 Summon Lightning Spire   Summ/Air       ###.....     100%        4


Dungeon Overview and Level Annotations

Branches:
Dungeon (8/15)             Temple (1/1) D:5
   Lair: D:8-11

Altars:
Cheibriados
Dithmenos
Fedhas
Gozag
Hepliaklqana
Kikubaaqudgha
Makhleb
Nemelex Xobeh
Okawaru
Qazlal
Sif Muna
Uskayaw
Xom
Yredelemnul
Zin

Shops:
D:7 (

Annotations:
D:6 3 runed translucent doors, smeego's ghost, novice OpDe


Innate Abilities, Weirdness & Mutations

Your experience applies equally to all skills.
You have very sharp teeth.
Your uncanny sense of smell can sniff out nearby items.


Message History

The killer bee stings you but does no damage. x5
The killer bee stings you.
* * * LOW HITPOINT WARNING * * *
The killer bee stings you.
* * * LOW HITPOINT WARNING * * *
The killer bee stings you but does no damage.
You feel better.
The killer bee stings you but does no damage. x2
The killer bee stings you.
* * * LOW HITPOINT WARNING * * *
The killer bee stings you but does no damage. x7
The killer bee completely misses you.
The killer bee stings you but does no damage.
As you read the scroll labeled IBACAO QAIT, it crumbles to dust.
The dust glows pulsating beige!
It was a scroll of random uselessness.
The killer bee stings you but does no damage.
The killer bee barely misses you.
The killer bee stings you but does no damage.
The killer bee stings you!
You die...

.........................
.........................
.......................!.
...#.....#.....§.........
..###...###...§≈≈......<.
...
....#.....≈...?.........
...
..>....................
[.......y..........≈
......y@yJ........≈≈
......yyy..........≈
.......S...≈........
..........≈≈≈.......
...........≈........
.....#............!.
....###.........$... ....
#......[(......
.............#...


You could see a jelly (inner flame), 6 killer bees and an adder (inner flame).

Vanquished Creatures
  Sigmund (D:5)
  Edmund (D:5)
  A nameless horror (D:6)
  Duvessa (D:6)
  A black bear (D:7)
  An orc warrior (D:7)
  2 sky beasts
  A phantom (D:6)
  2 ogres
  A big kobold (D:7)
  A bullfrog (D:3)
  A wyvern skeleton (D:7)
  Dowan (D:6)
  9 killer bees (D:7)
  5 wights
  4 crimson imps (D:3)
  A hound (D:3)
  A quasit (D:7)
  2 orc priests (D:7)
  4 orc wizards
  A centaur skeleton (D:5)
  2 bullfrog skeletons (D:5)
  2 iguanas
  Natasha (thrice) (D:3)
  3 worker ants
  8 gnolls
  A howler monkey skeleton (D:5)
  9 adders
  2 shadow imps
  A white imp (D:5)
  3 ufetubi
  2 adder skeletons
  A worm (D:3)
  2 dart slugs
  2 leopard geckos (D:5)
  10 orcs
  15 giant cockroaches
  2 gnoll zombies (D:3)
  6 hobgoblins
  6 jackals
  13 kobolds
  3 quokkas
  2 ball pythons
  6 bats
  7 frilled lizards
  10 goblins
  2 leopard gecko skeletons
  7 rats
  A bush (D:2)
173 creatures vanquished.

Vanquished Creatures (collateral kills)
  Grinder (D:5)
  Eustachio (D:6)
  A nameless horror (D:6)
  2 ice beasts
  A necrophage (D:6)
  A centaur (D:6)
  2 centaur skeletons (D:6)
  A hound skeleton (D:6)
  A giant cockroach (D:6)
  A quokka skeleton (D:6)
12 creatures vanquished.

Vanquished Creatures (others)
  7 plants (D:11)
7 creatures vanquished.

Grand Total: 192 creatures vanquished

Notes
Turn   | Place    | Note
-------+----------+-------------------------------------------
     0 | D:1      | robertstho the Gnoll Ice Elementalist began the quest for
                  | the Orb.
     0 | D:1      | Reached XP level 1. HP: 13/13 MP: 6/6
   441 | D:1      | Reached XP level 2. HP: 19/19 MP: 5/7
   817 | D:1      | Reached skill level 5 in Spellcasting
   817 | D:1      | Reached XP level 3. HP: 17/25 MP: 4/9
   918 | D:1      | Learned a level 3 spell: Frozen Ramparts
   922 | D:1      | Learned a level 3 spell: Ozocubu's Armour
  1725 | D:2      | Reached skill level 1 in Invocations
  2029 | D:2      | Reached skill level 1 in Fighting
  2029 | D:2      | Reached skill level 1 in Short Blades
  2029 | D:2      | Reached skill level 1 in Long Blades
  2029 | D:2      | Reached skill level 1 in Axes
  2029 | D:2      | Reached skill level 1 in Maces & Flails
  2029 | D:2      | Reached skill level 1 in Polearms
  2029 | D:2      | Reached skill level 1 in Staves
  2029 | D:2      | Reached skill level 1 in Slings
  2029 | D:2      | Reached skill level 1 in Bows
  2029 | D:2      | Reached skill level 1 in Crossbows
  2029 | D:2      | Reached skill level 1 in Throwing
  2029 | D:2      | Reached skill level 1 in Armour
  2029 | D:2      | Reached skill level 1 in Shields
  2029 | D:2      | Reached skill level 1 in Unarmed Combat
  2029 | D:2      | Reached skill level 1 in Evocations
  2049 | D:2      | Reached XP level 4. HP: 30/32 MP: 6/11
  2931 | D:3      | Noticed an ogre
  2936 | D:3      | Found a faded altar of an unknown god.
  2942 | D:3      | Reached skill level 1 in Conjurations
  2942 | D:3      | Reached skill level 1 in Hexes
  2942 | D:3      | Reached skill level 1 in Summonings
  2942 | D:3      | Reached skill level 1 in Necromancy
  2942 | D:3      | Reached skill level 1 in Translocations
  2942 | D:3      | Reached skill level 1 in Transmutations
  2942 | D:3      | Reached skill level 1 in Fire Magic
  2942 | D:3      | Reached skill level 1 in Air Magic
  2942 | D:3      | Reached skill level 1 in Earth Magic
  2942 | D:3      | Reached skill level 1 in Poison Magic
  2945 | D:3      | Killed an ogre
  2945 | D:3      | Reached XP level 5. HP: 37/37 MP: 5/12
  3091 | D:3      | Noticed Natasha
  3096 | D:3      | Killed Natasha
  3275 | D:3      | Found a shimmering altar of Xom.
  3282 | D:3      | Reached XP level 6. HP: 41/44 MP: 9/13
  3322 | D:3      | Reached skill level 5 in Dodging
  3593 | D:3      | Found a stormy altar of Qazlal.
  3596 | D:3      | Noticed Natasha
  3608 | D:3      | Killed Natasha
  3608 | D:3      | Reached XP level 7. HP: 46/50 MP: 11/15
  4072 | D:3      | Noticed Natasha
  4078 | D:3      | Killed Natasha
  4125 | D:3      | Found a basalt altar of Yredelemnul.
  4260 | D:4      | Learned a level 4 spell: Hailstorm
  4265 | D:4      | Learned a level 4 spell: Summon Ice Beast
  4267 | D:4      | Learned a level 1 spell: Apportation
  4751 | D:5      | Entered Level 5 of the Dungeon
  4787 | D:5      | Noticed Grinder
  4808 | D:5      | Got a slimy plate armour
  4809 | D:5      | Paralysed by Grinder for 3 turns
  4838 | D:5      | Killed Grinder
  5022 | D:5      | Reached skill level 5 in Stealth
  5101 | D:5      | Noticed Edmund
  5121 | D:5      | Killed Edmund
  5121 | D:5      | Reached XP level 8. HP: 40/57 MP: 8/16
  5217 | D:5      | Found a staircase to the Ecumenical Temple.
  5281 | Temple   | Entered the Ecumenical Temple
  5392 | Temple   | Became a worshipper of Sif Muna the Loreminder
  6115 | D:5      | Noticed Sigmund
  6120 | D:5      | Killed Sigmund
  6508 | D:6      | Noticed a nameless horror
  6513 | D:6      | Killed a nameless horror
  6522 | D:6      | Reached * piety under Sif Muna
  6891 | D:6      | Noticed smeego's ghost (novice OpDe)
  6892 | D:6      | Noticed a cyan ugly thing
  6900 | D:6      | Found a runed translucent gate.
  6900 | D:6      | Found a runed translucent gate.
  6963 | D:6      | Noticed a nameless horror
  6972 | D:6      | Noticed Eustachio
  6973 | D:6      | Killed a nameless horror
  7013 | D:6      | Killed Eustachio
  7013 | D:6      | Reached XP level 9. HP: 47/65 MP: 9/18
  7205 | D:6      | Found a runed translucent gate.
  7437 | D:6      | Noticed Duvessa
  7438 | D:6      | Noticed Dowan
  7445 | D:6      | Killed Dowan
  7447 | D:6      | Killed Duvessa
  7589 | D:7      | Identified the +7 plate armour of Divine Compulsion {rElec}
                  | (You found it on level 5 of the Dungeon)
  7630 | D:7      | Reached skill level 8 in Ice Magic
  8465 | D:7      | Reached skill level 5 in Invocations
  8894 | D:7      | Reached ** piety under Sif Muna
  9077 | D:7      | Found a glowing silver altar of Zin.
  9511 | D:7      | Found Zused's Weapon Emporium.
  9815 | D:8      | You fall into a shaft and drop 3 floors!
  9816 | D:11     | Noticed a cyan ugly thing
  9820 | D:11     | Reached XP level 10. HP: 73/73 MP: 20/20
  9833 | D:11     | Noticed a two-headed ogre
  9875 | D:11     | Slain by a killer bee

Illustrated notes

Levels and vault maps discovered:
D:1:      lemuel_arrival_broad_hall, layout_basic
D:2:      minmay_roachtagon, layout_loops_corners, serial_forest,
          infiniplex_forest_straight_4, infiniplex_forest_clump_C,
          infiniplex_forest_clump_double, infiniplex_forest_clump_diagonal,
          infiniplex_forest_end_2, infiniplex_forest_lined_corner
D:3:      layout_loops_ring, led_xom_imps, lemuel_zombie_altar_yredelemnul,
          chequers_ecumenical_altar_simple_redux,
          nicolae_qazlal_general_emergency, uniq_natasha
D:4:      layout_rooms, hangedman_abyss_or_decor_passed
D:5:      layout_loops_cross, minmay_temple_entry_slanted, uniq_grinder,
          uniq_sigmund, uniq_edmund
D:6:      layout_basic, gammafunk_ghost_split, kennysheep_small_square,
          uniq_eustachio, uniq_duvessa
D:7:      layout_loops_cross, zin_scriptorium, serial_shops, kennysheep_mini,
          kennysheep_another_room, minmay_unpleasant_kobolds
D:8:      layout_basic, minmay_misc_feat_tiny
D:11:     layout_big_octagon, minmay_lair_entry_grove
Temple:   eino_temple_scatter_basement

Skill      XL: |  1  2  3  4  5  6  7  8  9 |
---------------+----------------------------+-----
Spellcasting   | 5 6 7 |  7.0
Invocations    | 1 2 3 4 5 |  5.2
Fighting       | 1 2 3 4 |  4.8
Short Blades   | 1 2 3 4 |  4.8
Long Blades    | 1 2 3 4 |  4.8
Axes           | 1 2 3 4 |  4.8
Maces & Flails | 1 2 3 4 |  4.8
Polearms       | 1 2 3 4 |  4.8
Staves         | 1 2 3 4 |  4.8
Slings         | 1 2 3 4 |  4.8
Bows           | 1 2 3 4 |  4.8
Crossbows      | 1 2 3 4 |  4.8
Throwing       | 1 2 3 4 |  4.8
Armour         | 1 2 3 4 |  4.8
Shields        | 1 2 3 4 |  4.8
Unarmed Combat | 1 2 3 4 |  4.8
Evocations     | 1 2 3 4 |  4.8
Conjurations   | 1 2 3 |  3.9
Hexes          | 1 2 3 |  3.9
Summonings     | 1 2 3 |  3.9
Necromancy     | 1 2 3 |  3.9
Translocations | 1 2 3 |  3.9
Transmutations | 1 2 3 |  3.9
Fire Magic     | 1 2 3 |  3.9
Air Magic      | 1 2 3 |  3.9
Earth Magic    | 1 2 3 |  3.9
Poison Magic   | 1 2 3 |  3.9
Dodging        | 5 6 |  6.7
Stealth        | 5 6 |  6.4
Ice Magic      | 8 |  8.2

Action                   |  1- 3 |  4- 6 |  7- 9 | 10-12 || total
-------------------------+-------+-------+-------+-------++-------
Melee: Hand axe          |    27 |   164 |       |       ||   191
       Unarmed           |     3 |     2 |       |       ||     5
       Bite              |     1 |    28 |    34 |     1 ||    64
       Punch             |       |     3 |     4 |       ||     7
       Dagger            |       |     5 |    45 |       ||    50
       Flail             |       |       |   131 |       ||   131
       Rapier            |       |       |   168 |     9 ||   177
 Cast: Freeze            |    12 |     3 |     4 |       ||    19
       Frozen Ramparts   |    12 |    17 |    30 |       ||    59
       Summon Ice Beast  |       |       |    21 |       ||    21
       Apportation       |       |       |     1 |       ||     1
Invok: Channel Magic     |       |       |     1 |       ||     1
Evoke: Wand              |       |       |     3 |       ||     3
  Use: Scroll            |       |       |     7 |     8 ||    15
       Potion            |       |       |     3 |     3 ||     6
 Stab: Sleeping          |     4 |     1 |     3 |       ||     8
       Paralysed         |       |       |     1 |       ||     1
       Distracted        |       |       |     1 |       ||     1
Armor: Robe              |    11 |     2 |    18 |       ||    31
       Plate armour      |       |       |   290 |    90 ||   380
Dodge: Dodged            |    33 |    20 |   153 |    17 ||   223

Table legend: (Time is in decaauts)
 A = Elapsed time spent in this place.
 B = Non-inter-level travel time spent in this place.
 C = Inter-level travel time spent in this place.
 D = Time resting spent in this place.
 E = Time spent auto-exploring this place.
 F = Levels seen in this place.
 G = Mean time per level.
                   A        B        C        D        E       F      G
               +--------+--------+--------+--------+--------+-----+--------+
         Total |   9921 |   9428 |    493 |   1116 |   6526 |  10 |  992.1 |
       Dungeon |   9791 |   9337 |    454 |   1116 |   6437 |   9 | 1087.9 |
        Temple |    129 |     90 |     39 |      0 |     89 |   1 |  129.0 |
               +--------+--------+--------+--------+--------+-----+--------+

Top non-repeatable levels by time:
     D:7: 1922 daAuts
     D:6: 1618 daAuts
     D:2: 1550 daAuts
     D:1: 1426 daAuts
     D:5: 1305 daAuts
     D:3: 1286 daAuts
     D:4: 530 daAuts
  Temple: 129 daAuts
     D:8: 104 daAuts
    D:11: 47 daAuts
